Map: Agria Valley

Players

wasp

  • Race: Terran Terran

NamroodTuo - Winner!

  • Race: Terran Terran
  • Spawn Location: 5:00

VOD

Have the link to the VOD?

Description

Time

  • Played on: Jan. 21, 2023, 9:56 a.m.
  • Length: 26:44
Show
View Real Time Build Order
Export as new Build Order

wasp Terran 

Build Orders:  

Get SALT Encoding   

  12  0:00  Unknown x2  
  12  0:03  Unknown  
  12  0:04  Unknown  
  12  0:08  Unknown  
  12  0:12  Unknown  
  12  0:17  Unknown  
  13  0:21  Unknown  
  13  0:24  Unknown  
  13  0:25  Unknown  
  14  0:30  Unknown x2  
  14  0:34  Unknown  
  15  0:35  Unknown  
  15  0:38  Unknown  
  15  0:42  Unknown  
  15  0:47  Unknown  
  15  0:51  Unknown  
  15  0:55  Unknown  
  15  1:00  Unknown  
  15  1:04  Unknown  
  15  1:08  Unknown  
  15  1:12  Unknown  
  15  1:17  Unknown  
  15  1:21  Unknown  
  15  1:25  Unknown  
  15  1:30  Unknown  
  15  1:34  Unknown  
  15  1:37  Unknown  
  15  1:38  Unknown  
  15  1:42  Unknown  
  15  1:44  Unknown  
  15  1:47  Unknown  
  15  1:51  Unknown  
  16  1:55  Unknown  
  16  1:57  Unknown  
  16  2:00  Unknown  
  17  2:01  Unknown  
  17  2:03  Unknown  
  17  2:04  Unknown  
  18  2:08  Unknown x2  
  18  2:12  Unknown  
  18  2:14  Unknown  
  20  2:17  Unknown  
  20  2:18  Unknown  
  20  2:20  Unknown  
  20  2:21  Unknown  
  21  2:25  Unknown x2  
  22  2:30  Unknown  
  22  2:31  Unknown  
  22  2:34  Unknown  
  22  2:35  Unknown  
  22  2:38  Unknown  
  22  2:42  Unknown  
  22  2:47  Unknown  
  22  2:51  Unknown  
  22  2:52  Unknown x2  
  22  2:54  Unknown x7  
  22  2:55  Unknown  
  28  3:00  Unknown  
  28  3:04  Unknown  
  28  3:08  Unknown  
  28  3:12  Unknown x2  
  28  3:17  Unknown  
  28  3:21  Unknown  
  28  3:25  Unknown  
  28  3:30  Unknown  
  28  3:33  Unknown  
  28  3:34  Unknown  
  28  3:38  Unknown  
  28  3:42  Unknown  
  28  3:47  Unknown  
  29  3:49  Unknown  
  29  3:51  Unknown  
  29  3:54  Unknown  
  29  3:55  Unknown x3  
  37  3:57  Unknown x6  
  37  4:00  Unknown x2  
  38  4:04  Unknown  
  38  4:06  Unknown  
  38  4:08  Unknown  
  39  4:11  Unknown  
  39  4:12  Unknown  
  40  4:17  Unknown x2  
  40  4:21  Unknown  
  40  4:23  Unknown  
  42  4:25  Unknown  
  42  4:28  Unknown  
  42  4:30  Unknown  
  43  4:34  Unknown x3  
  43  4:38  Unknown x2  
  44  4:40  Unknown  
  44  4:42  Unknown  
  45  4:45  Unknown  
  45  4:47  Unknown  
  45  4:51  Unknown x2  
  47  4:53  Unknown  
  47  4:55  Unknown  
  47  4:57  Unknown  
  48  5:00  Unknown  
  48  5:04  Unknown x2  
  49  5:08  Unknown  
  49  5:10  Unknown  
  49  5:12  Unknown  
  50  5:15  Unknown  
  50  5:17  Unknown  
  50  5:19  Unknown  
  50  5:21  Unknown x2  
  52  5:25  Unknown  
  52  5:27  Unknown  
  53  5:30  Unknown  
  53  5:32  Unknown  
  53  5:34  Unknown  
  53  5:38  Unknown  
  53  5:41  Unknown  
  55  5:42  Unknown  
  55  5:47  Unknown x2  
  56  5:51  Unknown  
  56  5:53  Unknown  
  56  5:55  Unknown  
  57  5:58  Unknown  
  57  6:00  Unknown  
  58  6:04  Unknown x2  
  58  6:08  Unknown  
  59  6:12  Unknown  
  59  6:15  Unknown  
  59  6:17  Unknown  
  60  6:21  Unknown x2  
  60  6:24  Unknown  
  63  6:25  Unknown x3  
  63  6:27  Unknown x7  
  63  6:30  Unknown x2  
  70  6:32  Unknown  
  70  6:34  Unknown  
  70  6:35  Unknown  
  70  6:38  Unknown x2  
  68  6:41  Unknown  
  68  6:42  Unknown  
  68  6:44  Unknown  
  70  6:47  Unknown x4  
  70  6:49  Unknown x6  
  70  6:50  Unknown  
  70  6:51  Unknown  
  70  6:52  Unknown  
  78  6:55  Unknown x2  
  78  6:58  Unknown  
  78  7:00  Unknown  
  77  7:04  Unknown x2  
  68  7:08  Unknown  
  68  7:12  Unknown  
  69  7:17  Unknown  
  69  7:18  Unknown  
  69  7:21  Unknown  
  70  7:24  Unknown  
  70  7:25  Unknown  
  71  7:30  Unknown x2  
  71  7:31  Unknown  
  71  7:34  Unknown  
  71  7:35  Unknown  
  72  7:38  Unknown  
  72  7:39  Unknown  
  72  7:41  Unknown  
  72  7:42  Unknown x3  
  70  7:47  Unknown x2  
  71  7:51  Unknown  
  71  7:52  Unknown  
  71  7:55  Unknown  
  71  7:58  Unknown  
  72  8:00  Unknown  
  72  8:04  Unknown  
  72  8:08  Unknown  
  72  8:12  Unknown  
  72  8:17  Unknown  
  72  8:21  Unknown  
  72  8:25  Unknown  
  72  8:30  Unknown  
  72  8:31  Unknown x2  
  72  8:33  Unknown x6  
  78  8:34  Unknown  
  78  8:38  Unknown  
  78  8:39  Unknown  
  77  8:42  Unknown  
  77  8:47  Unknown  
  77  8:51  Unknown  
  77  8:55  Unknown  
  77  9:00  Unknown  
  77  9:04  Unknown  
  77  9:07  Unknown  
  77  9:08  Unknown x2  
  77  9:09  Unknown  
  69  9:12  Unknown  
  69  9:17  Unknown  
  69  9:21  Unknown  
  65  9:25  Unknown  
  65  9:28  Unknown  
  65  9:30  Unknown  
  65  9:34  Unknown  
  64  9:38  Unknown  
  64  9:42  Unknown  
  65  9:46  Unknown  
  65  9:47  Unknown  
  65  9:51  Unknown x2  
  67  9:55  Unknown  
  67  9:57  Unknown  
  68  10:00  Unknown  
  68  10:03  Unknown  
  68  10:04  Unknown  
  69  10:08  Unknown x2  
  69  10:12  Unknown  
  70  10:14  Unknown  
  70  10:17  Unknown  
  70  10:20  Unknown  
  72  10:21  Unknown  
  72  10:25  Unknown x2  
  72  10:30  Unknown  
  72  10:34  Unknown  
  72  10:38  Unknown  
  71  10:42  Unknown  
  71  10:47  Unknown  
  71  10:51  Unknown x3  
  71  10:53  Unknown x6  
  71  10:55  Unknown  
  77  11:00  Unknown  
  77  11:04  Unknown  
  77  11:08  Unknown  
  77  11:12  Unknown  
  77  11:17  Unknown x2  
  77  11:20  Unknown  
  77  11:21  Unknown  
  77  11:25  Unknown  
  77  11:29  Unknown x2  
  77  11:30  Unknown  
  77  11:31  Unknown x6  
  83  11:34  Unknown  
  83  11:38  Unknown  
  83  11:42  Unknown  
  83  11:47  Unknown  
  83  11:51  Unknown  
  83  11:55  Unknown  
  83  12:00  Unknown  
  83  12:04  Unknown  
  83  12:08  Unknown  
  83  12:12  Unknown  
  83  12:17  Unknown  
  83  12:21  Unknown  
  80  12:25  Unknown  
  80  12:29  Unknown  
  65  12:30  Unknown x4  
  65  12:31  Unknown  
  65  12:32  Unknown x2  
  65  12:33  Unknown  
  65  12:34  Unknown  
  58  12:38  Unknown  
  58  12:42  Unknown  
  58  12:45  Unknown  
  58  12:47  Unknown  
  57  12:51  Unknown  
  57  12:55  Unknown  
  57  13:00  Unknown  
  57  13:04  Unknown  
  57  13:08  Unknown  
  59  13:12  Unknown  
  59  13:16  Unknown x2  
  59  13:17  Unknown  
  61  13:20  Unknown  
  61  13:21  Unknown x2  
  61  13:22  Unknown x3  
  61  13:25  Unknown  
  60  13:27  Unknown x2  
  60  13:28  Unknown  
  60  13:30  Unknown  
  60  13:32  Unknown  
  60  13:33  Unknown  
  60  13:34  Unknown  
  60  13:38  Unknown  
  60  13:42  Unknown  
  60  13:47  Unknown  
  60  13:51  Unknown  
  60  13:55  Unknown  
  60  14:00  Unknown  
  60  14:02  Unknown x2  
  66  14:04  Unknown x7  
  66  14:08  Unknown  
  66  14:12  Unknown  
  66  14:15  Unknown  
  65  14:17  Unknown  
  65  14:21  Unknown  
  65  14:22  Unknown  
  64  14:25  Unknown  
  64  14:30  Unknown  
  65  14:34  Unknown  
  65  14:36  Unknown  
  65  14:38  Unknown  
  65  14:42  Unknown  
  65  14:47  Unknown  
  65  14:51  Unknown x2  
  51  14:55  Unknown  
  51  15:00  Unknown  
  51  15:03  Unknown x7  
  51  15:04  Unknown  
  43  15:08  Unknown  
  43  15:11  Unknown x2  
  43  15:12  Unknown  
  43  15:13  Unknown x6  
  49  15:17  Unknown  
  49  15:21  Unknown  
  49  15:25  Unknown  
  49  15:27  Unknown  
  49  15:30  Unknown  
  49  15:34  Unknown x2  
  48  15:38  Unknown  
  48  15:42  Unknown  
  48  15:47  Unknown  
  48  15:51  Unknown  
  48  15:55  Unknown  
  48  16:00  Unknown  
  48  16:04  Unknown  
  48  16:08  Unknown  
  48  16:12  Unknown  
  48  16:17  Unknown  
  48  16:21  Unknown  
  48  16:25  Unknown  
  48  16:30  Unknown  
  48  16:34  Unknown  
  48  16:38  Unknown  
  48  16:42  Unknown  
  48  16:47  Unknown  
  48  16:51  Unknown  
  48  16:55  Unknown  
  48  17:00  Unknown  
  49  17:04  Unknown  
  49  17:05  Unknown  
  50  17:08  Unknown  
  50  17:11  Unknown  
  50  17:12  Unknown  
  51  17:16  Unknown  
  51  17:17  Unknown  
  51  17:21  Unknown x3  
  51  17:22  Unknown  
  59  17:23  Unknown x6  
  59  17:25  Unknown  
  59  17:28  Unknown  
  60  17:30  Unknown  
  60  17:33  Unknown  
  60  17:34  Unknown  
  61  17:38  Unknown  
  61  17:39  Unknown  
  61  17:42  Unknown  
  62  17:45  Unknown  
  62  17:47  Unknown  
  62  17:51  Unknown  
  62  17:55  Unknown  
  62  18:00  Unknown x2  
  62  18:04  Unknown  
  63  18:07  Unknown  
  63  18:08  Unknown  
  64  18:12  Unknown x2  
  64  18:17  Unknown  
  64  18:18  Unknown  
  66  18:21  Unknown  
  66  18:24  Unknown  
  66  18:25  Unknown  
  67  18:29  Unknown  
  67  18:30  Unknown  
  68  18:34  Unknown  
  68  18:35  Unknown  
  68  18:38  Unknown  
  68  18:41  Unknown  
  69  18:42  Unknown  
  69  18:47  Unknown x2  
  71  18:51  Unknown  
  71  18:53  Unknown  
  72  18:55  Unknown  
  72  18:58  Unknown  
  72  19:00  Unknown  
  72  19:04  Unknown  
  72  19:07  Unknown  
  72  19:08  Unknown x2  
  72  19:12  Unknown  
  72  19:17  Unknown  
  72  19:21  Unknown  
  72  19:23  Unknown  
  74  19:25  Unknown  
  74  19:29  Unknown x2  
  74  19:30  Unknown  
  75  19:34  Unknown  
  75  19:35  Unknown  
  76  19:38  Unknown  
  76  19:40  Unknown  
  76  19:42  Unknown  
  77  19:46  Unknown  
  77  19:47  Unknown  
  77  19:51  Unknown  
  77  19:52  Unknown  
  79  19:55  Unknown  
  79  19:57  Unknown  
  79  19:58  Unknown  
  79  20:00  Unknown  
  79  20:04  Unknown  
  79  20:08  Unknown  
  79  20:12  Unknown  
  79  20:17  Unknown  
  79  20:18  Unknown  
  79  20:19  Unknown  
  79  20:20  Unknown x12  
  79  20:21  Unknown x6  
  51  20:22  Unknown x9  
  51  20:25  Unknown x2  
  38  20:30  Unknown  
  38  20:34  Unknown  
  38  20:38  Unknown  
  30  20:42  Unknown  
  30  20:47  Unknown  
  30  20:51  Unknown  
  30  20:55  Unknown  
  30  21:00  Unknown  
  23  21:04  Unknown  
  23  21:08  Unknown  
  23  21:12  Unknown  
  23  21:17  Unknown  
  23  21:21  Unknown  
  23  21:25  Unknown  
  23  21:30  Unknown  
  23  21:34  Unknown  
  23  21:38  Unknown  
  23  21:42  Unknown  
  23  21:47  Unknown  
  23  21:51  Unknown  
  23  21:55  Unknown  
  23  22:00  Unknown  
  23  22:04  Unknown x2  
  23  22:08  Unknown  
  23  22:12  Unknown  
  24  22:17  Unknown  
  24  22:19  Unknown  
  24  22:21  Unknown  
  25  22:25  Unknown x2  
  26  22:30  Unknown  
  26  22:31  Unknown  
  26  22:34  Unknown  
  26  22:38  Unknown  
  26  22:42  Unknown  
  26  22:47  Unknown  
  26  22:51  Unknown  
  26  22:55  Unknown  
  26  23:00  Unknown  
  26  23:04  Unknown  
  26  23:08  Unknown  
  26  23:09  Unknown  
  26  23:12  Unknown  
  26  23:17  Unknown  
  26  23:21  Unknown  
  26  23:25  Unknown  
  26  23:29  Unknown  
  26  23:30  Unknown  
  26  23:34  Unknown  
  26  23:38  Unknown  
  26  23:42  Unknown  
  26  23:47  Unknown  
  26  23:48  Unknown  
  26  23:51  Unknown  
  26  23:55  Unknown  
  26  24:00  Unknown  
  26  24:04  Unknown  
  26  24:08  Unknown  
  26  24:09  Unknown  
  26  24:12  Unknown  
  26  24:17  Unknown  
  26  24:21  Unknown  
  26  24:25  Unknown x2  
  26  24:26  Unknown  
  26  24:27  Unknown x3  
  26  24:28  Unknown  
  26  24:30  Unknown  
  20  24:34  Unknown  
  20  24:38  Unknown  
  20  24:42  Unknown  
  20  24:47  Unknown  
  20  24:49  Unknown  
  20  24:51  Unknown  
  20  24:55  Unknown  
  20  25:00  Unknown  
  20  25:04  Unknown  
  20  25:08  Unknown  
  20  25:12  Unknown x2  
  20  25:14  Unknown x2  
  20  25:17  Unknown x7  
  26  25:21  Unknown  
  26  25:25  Unknown  
  26  25:30  Unknown  
  26  25:32  Unknown  
  26  25:33  Unknown x24  
  26  25:34  Unknown x28  
  23  25:38  Unknown  
  4  25:42  Unknown  
  4  25:47  Unknown  
  4  25:51  Unknown  
  4  25:52  Unknown  
  4  25:55  Unknown  
  4  26:00  Unknown  
  3  26:04  Unknown  
  3  26:08  Unknown  
  1  26:12  Unknown  
  1  26:14  Unknown  
  1  26:17  Unknown  
  1  26:21  Unknown  
  1  26:25  Unknown  
  1  26:30  Unknown  
    26:34  Unknown  
    26:38  Unknown  
    26:42  Unknown  
Show
View Real Time Build Order
Export as new Build Order

NamroodTuo Terran - Winner!

Build Orders: 2 Factory 

Get SALT Encoding   

  12  0:00  Unknown x2, SCV  
  12  0:03  Unknown  
  13  0:08  SCV  
  14  0:18  SCV  
  15  0:31  Supply Depot  
  15  0:43  Factory  
  15  0:50  SCV  
  16  0:59  SCV  
  17  1:09  SCV, Supply Depot  
  18  1:19  SCV  
  19  1:28  Engineering Bay, SCV  
  20  1:46  Factory  
  20  1:50  Refinery  
  20  1:51  Refinery  
  20  2:19  SCV  
  21  2:28  SCV  
  21  2:33  Unknown  
  22  2:38  Unknown, SCV  
  23  2:48  SCV  
  24  2:58  SCV  
  24  3:04  Armory  
  25  3:07  SCV  
  25  3:12  Unknown  
  26  3:17  SCV  
  26  3:19  Unknown  
  27  3:27  SCV  
  27  3:28  Unknown  
  28  3:37  Unknown  
  28  3:52  Neosteel Armor  
  28  4:01  Unknown  
  28  4:14  Unknown  
  28  4:21  Supply Depot  
  28  4:24  Unknown  
  28  4:35  SCV  
  28  4:38  Supply Depot  
  29  4:49  Unknown  
  29  4:50  Unknown  
  29  5:10  SCV  
  30  5:17  Hi-Sec Auto Tracking  
  30  5:31  Unknown  
  30  5:43  Unknown  
  30  5:56  Unknown  
  30  6:05  Unknown  
  30  6:15  Unknown  
  30  6:16  Unknown  
  30  6:17  Unknown  
  30  6:33  Unknown  
  30  6:42  Unknown  
  30  6:53  Unknown  
  30  6:55  Unknown  
  30  7:18  SCV  
  31  7:27  SCV  
  31  7:35  Unknown  
  32  7:37  Unknown  
  32  7:38  Terran Vehicle and Ship Weapons Level 1  
  32  7:52  Unknown  
  32  8:02  Unknown  
  32  8:10  Unknown  
  32  8:17  Unknown  
  32  8:24  Unknown  
  32  8:25  Unknown  
  32  8:26  Unknown  
  32  8:34  Unknown  
  32  8:58  Unknown  
  32  9:04  Unknown  
  32  9:10  Unknown  
  32  9:16  Unknown  
  32  9:22  Unknown  
  31  9:30  Unknown  
  31  9:32  Terran Vehicle And Ship Armor Level 1  
  31  9:37  Unknown  
  31  9:49  Unknown  
  31  10:00  Unknown  
  31  10:01  Unknown  
  31  10:14  Unknown  
  31  10:15  Unknown  
  31  10:29  Unknown  
  31  10:38  Unknown  
  31  10:53  Unknown  
  31  10:57  Unknown  
  31  11:00  Unknown  
  31  11:11  Unknown  
  31  11:17  Unknown  
  26  11:41  Unknown x6  
  26  12:02  Command Center  
  26  12:06  Unknown  
  26  12:10  Unknown  
  26  12:32  Unknown  
  26  12:34  Terran Vehicle and Ship Weapons Level 2  
  26  12:52  Unknown  
  26  13:10  Unknown  
  26  13:13  SCV  
  27  13:23  SCV  
  28  13:32  SCV  
  28  13:33  Supply Depot  
  29  13:42  SCV  
  30  13:52  SCV  
  31  13:56  Supply Depot  
  31  14:01  SCV  
  31  14:05  Unknown  
  31  14:07  Unknown  
  32  14:11  SCV  
  33  14:17  Unknown  
  33  14:28  Unknown  
  33  14:41  Unknown  
  33  15:14  Terran Vehicle and Ship Weapons Level 3  
  33  15:41  Unknown  
  33  15:50  Unknown  
  33  16:01  Unknown  
  33  16:31  Refinery  
  33  16:41  Refinery  
  33  17:01  Unknown  
  33  17:15  Siege Tank x2  
  32  17:16  Siege Tank x2  
  42  17:33  Factory  
  42  17:41  Siege Tank x4  
  42  17:51  Terran Vehicle And Ship Armor Level 2  
  54  18:06  Siege Tank  
  54  18:07  Siege Tank x3  
  66  18:22  Unknown  
  66  18:32  Siege Tank  
  66  18:33  Siege Tank x3  
  78  19:07  Command Center  
  78  19:10  Unknown, Refinery  
  78  19:48  Supply Depot  
  78  19:49  Supply Depot  
  78  19:50  Supply Depot  
  78  19:54  SCV  
  76  20:04  SCV  
  77  20:10  Supply Depot  
  77  20:11  Supply Depot  
  77  20:13  SCV  
  74  20:14  Supply Depot  
  72  20:23  SCV  
  73  20:33  SCV  
  77  21:33  Unknown  
  77  21:42  Unknown  
  77  21:57  Starport  
  77  21:59  Starport  
  77  22:04  Starport  
  77  22:24  Unknown x2  
  77  22:27  Unknown  
  89  23:21  Refinery  
  89  23:33  Unknown x6  
  99  23:34  Unknown  
  99  23:36  Unknown  
  99  23:38  Unknown  
  99  23:49  Terran Vehicle And Ship Armor Level 3  
  99  24:01  Unknown  
  99  24:02  Unknown x4  
  97  24:22  Unknown x6  
  97  24:39  Unknown  
  109  25:13  Unknown x5  
  109  25:14  Unknown  
Tags
 
Matchup
TvT
Opening
2 Factory
Race
Terran
Replay Pack
Multiplayer
Add a new tag
Caveats
  • Supply blocks, unpowered buildings, or Contaminate may cause inaccurate times.
  • Supply counts are checked every 10 seconds.